 Dungeon Crawl Stone Soup version 0.31-a0-236-g9a0961fb85 (webtiles) character file.

Game seed: 9373481630236982786

11133 qw the Marksminotaur (level 11, 0/99 HPs)
             Began as a Minotaur Hexslinger on July 10, 2023.
             Was a Priest of Okawaru.
             Slain by a yak (12 damage)
             ... on level 1 of the Lair of Beasts.
             The game lasted 00:04:57 (10826 turns).

qw the Marksminotaur (Minotaur Hexslinger)         Turns: 10826, Time: 00:04:57

Health: 0/99       AC: 13    Str: 14    XL:     11   Next: 45%
Magic:  12/13      EV: 18    Int: 10    God:    Okawaru [***...]
Gold:   267        SH:  0    Dex: 16    Spells: 11/12 levels left

rFire   . . .        k - +0 arbalest
rCold   + . .        (shield currently unavailable)
rNeg    + . .        v - +3 leather armour {rC+}
rPois   .            (helmet restricted)
rElec   .            h - +2 cloak {Will+}
rCorr   +            p - +0 pair of gloves
SInv    .            o - +0 pair of boots
Will    +....        (no amulet)
Stlth   +++          f - ring of positive energy
HPRegen 0.36/turn    m - ring of resist corrosion
MPRegen 0.13/turn

%: no passive effects
@: heroic
A: horns 2, retaliatory headbutt
a: Renounce Religion, Heroism


You were on level 1 of the Lair of Beasts.
You worshipped Okawaru.
Okawaru was most pleased with you.
You visited 3 branches of the dungeon, and saw 12 of its levels.
You also visited: Sewer and Ossuary.

You collected 487 gold pieces.
You spent 220 gold pieces at shops.


Innate Abilities, Weirdness & Mutations

You have a pair of horns on your head.
You reflexively headbutt those who attack you in melee.


   Skills:
 - Level 10.1(15.1) Fighting
 + Level 15.1(20.1) Ranged Weapons
 - Level 4.1(9.1) Armour
 - Level 7.1(12.1) Dodging
 - Level 1.0 Spellcasting
 - Level 2.0 Hexes
 - Level 4.1 Invocations


You had 11 spell levels left.
You knew the following spells:

 Your Spells              Type           Power      Damage    Failure   Level
a - Slow                  Hex            16%        N/A       19%         1

Your spell library contained the following spells:

 Spells                   Type           Power      Damage    Failure   Level
 Inner Flame              Hex/Fire       2%         N/A       63%         3
 Portal Projectile        Hex/Tloc       4%         N/A       63%         3
 Cause Fear               Hex            2%         N/A       87%         4

Inventory:

Hand Weapons
 k - a +0 arbalest (weapon)
Armour
 h - a +2 cloak of willpower (worn)
 o - a +0 pair of boots (worn)
 p - a +0 pair of gloves (worn)
 q - a +1 ring mail of fire resistance
 v - a +3 leather armour of cold resistance (worn)
Jewellery
 e - a ring of positive energy
 f - a ring of positive energy (left hand)
 m - a ring of resist corrosion (right hand)
Wands
 b - a wand of digging (3)
Scrolls
 g - a scroll of identify
Potions
 a - 2 potions of curing
 c - a potion of might
 i - a potion of mutation {unknown}
 j - a potion of resistance {unknown}
 n - a potion of haste
 s - a potion of degeneration {unknown}
 u - a potion of enlightenment {unknown}

Dungeon Overview and Level Annotations

Branches:
Dungeon (10/15)            Temple (1/1) D:4            Lair (1/5) D:10
    Orc (0/2) D:10          Sewer (visited)         Ossuary (visited)

Altars:
Ashenzari
Cheibriados
Dithmenos
Elyvilon
Fedhas
Gozag
Hepliaklqana
Kikubaaqudgha
Makhleb
Nemelex Xobeh
Okawaru
Qazlal
Ru
Sif Muna
Trog
Uskayaw
Vehumet
Wu Jian
Xom
Yredelemnul
Zin
The Shining One

Shops:
D:4 :   D:6 *=(=   D:7 [

Annotations:
D:8 3 runed translucent doors, qw's ghost, novice DEHu
D:9 2 runed translucent doors


Message History

You shoot a bolt. The bolt hits the yak!!
The yak is severely wounded.
The yak barely misses you. x3
You shoot a bolt. The bolt hits the yak!!
You kill the yak!
Okawaru accepts your kill.
Okawaru will now gift you throwing weapons as you gain piety.
The yak barely misses you.
Your base Dodging skill increases to level 7!
You shoot a bolt. The bolt barely misses the yak.
The yak gores you. The yak barely misses you. You furiously retaliate!
You headbutt the yak. The yak barely misses you.
You shoot a bolt. The bolt hits the yak!!
The yak is severely wounded.
The yak gores you but does no damage. The yak misses you.
The yak gores you but does no damage.
You shoot a bolt. The bolt barely misses the yak.
The yak gores you but does no damage. x2; The yak completely misses you.
You shoot a bolt.
The bolt hits the yak but does no damage.
The yak is severely wounded.
The yak gores you! The yak closely misses you. The yak gores you.
You shoot a bolt. The bolt hits the yak.
The yak is almost dead.
The yak closely misses you. The yak completely misses you.
You furiously retaliate!
You headbutt the yak!
You kill the yak!
Okawaru accepts your kill. The yak barely misses you.
You shoot a bolt.
The bolt hits the yak but does no damage.
The yak misses you. The yak gores you.
You shoot a bolt. The bolt hits the yak!
The yak is moderately wounded.
The yak gores you! The yak barely misses you. You furiously retaliate!
You headbutt the yak. The yak gores you! The yak gores you but does no damage.
You shoot a bolt. The bolt hits the yak!
The yak is severely wounded.
The yak gores you but does no damage. The yak gores you!
You die...

###### ###### ##
#####Y@#.#####.#P.###.#
......%Y................
...####+#####...##...#..
. #............
##...#.......
#....?......
#...#.......
#...#.......
#...#.......


You could see 2 yaks.

Vanquished Creatures
  A two-headed ogre (D:10)
  Pikel (D:7)
  Joseph (D:7)
  A gargoyle (D:10)
  2 komodo dragons (Lair:1)
  Grinder (D:4)
  A shadow (D:9)
  A wyvern (Lair:1)
  12 yaks
  A basilisk (Lair:1)
  An acid dragon (D:7)
  4 water moccasins
  Duvessa (D:7)
  Pargi (Sewer)
  A sky beast (D:6)
  4 orc warriors
  2 black bears
  2 ice beasts
  13 wolves (Lair:1)
  3 ogres
  3 centaurs
  2 phantoms
  A lemure (D:7)
  2 kobold brigands
  2 bullfrogs
  6 scorpions
  12 wights
  Dowan (D:7)
  17 killer bees
  A howler monkey (D:9)
  2 electric eels (D:6)
  4 hounds
  2 jellies
  8 orc priests
  4 iguanas
  Ijyb (D:5)
  3 sleepcaps
  Natasha (thrice) (D:4)
  12 orc wizards
  A mummy (D:7)
  A gnoll (D:6)
  10 adders
  An ufetubus (D:5)
  2 worms
  5 dart slugs
  45 orcs
  4 bats
  10 endoplasms
  5 giant cockroaches
  10 hobgoblins
  6 jackals
  8 quokkas
  9 ball pythons
  4 frilled lizards
  4 goblins
  11 hobgoblin zombies (Ossuary)
  19 kobolds
  5 kobold zombies (Ossuary)
  4 orc zombies (Ossuary)
  6 rats
310 creatures vanquished.

Notes
Turn   | Place    | Note
-------+----------+-------------------------------------------
     0 | D:1      | qw the Minotaur Hexslinger began the quest for the Orb.
     0 | D:1      | Reached XP level 1. HP: 16/16 MP: 1/1
     0 | D:1      | 0 ||| qw: Version: 0.3-a-52-g30416fa
     0 | D:1      | 0 ||| qw: Game counter: 4931
     0 | D:1      | 0 ||| qw: Melee chars always use a shield: true
     0 | D:1      | 0 ||| qw: God list: Okawaru
     0 | D:1      | 0 ||| qw: Allow faded altars: false
     0 | D:1      | 0 ||| qw: Do Orc after clearing Dungeon:15 true
     0 | D:1      | 0 ||| qw: Do second Lair branch before Depths: true
     0 | D:1      | 0 ||| qw: Lair rune preference: random
     0 | D:1      | 0 ||| qw: Goals: Normal
     0 | D:1      | 0 ||| PLANNING D:1-11
   236 | D:1      | Reached skill level 3 in Ranged Weapons
   236 | D:1      | Reached XP level 2. HP: 23/23 MP: 2/2
   684 | D:1      | 684 ||| UPGRADING to ring of positive energy.
   685 | D:1      | 685 ||| READING 3 scrolls labelled XUMIOJE LANA.
   686 | D:1      | 686 ||| READING 2 scrolls of enchant weapon.
   686 | D:1      | 686 ||| ENCHANTING +2 sling.
   687 | D:1      | 687 ||| READING scroll of enchant weapon.
   687 | D:1      | 687 ||| ENCHANTING +3 sling.
   688 | D:1      | 688 ||| READING scroll labelled CAJUDD DECHA.
   689 | D:1      | 689 ||| READING scroll labelled PUFIENL ORUTE.
   690 | D:1      | 690 ||| READING scroll labelled JUENWU TUXOK.
   691 | D:1      | 691 ||| DRINKING 2 fuming golden potions.
   692 | D:1      | 692 ||| DROPPING scroll of poison.
   768 | D:2      | Reached XP level 3. HP: 29/29 MP: 3/3
  1005 | D:2      | Reached skill level 4 in Ranged Weapons
  1112 | D:2      | HP: 7/29 [adder (3)]
  1113 | D:2      | 1113 ||| DRINKING potion of heal wounds.
  1115 | D:2      | Reached XP level 4. HP: 21/36 MP: 4/4
  1115 | D:2      | 1115 ||| FLEEEEING.
  1116 | D:2      | 1116 ||| FLEEEEING.
  1318 | D:2      | 1318 ||| FLEEEEING.
  1611 | D:2      | 1611 ||| UPGRADING to +0 leather armour.
  1621 | D:2      | 1621 ||| DROPPING +0 robe.
  1622 | D:2      | 1622 ||| READING scroll labelled YMIUWNAKLE.
  1623 | D:2      | 1623 ||| READING scroll labelled IGIHEOWUPI.
  1624 | D:2      | 1624 ||| READING 2 scrolls labelled OTUCSU ECHERE.
  1625 | D:2      | 1625 ||| READING scroll labelled PIKHLO RYETH.
  1630 | D:2      | 1630 ||| DROPPING scroll of butterflies.
  1689 | D:3      | 1689 ||| PLANNING SEWER
  1732 | D:3      | Reached skill level 5 in Ranged Weapons
  1911 | D:3      | 1911 ||| Stepping ~*~*~tactically~*~*~ (water).
  1913 | D:3      | 1913 ||| Stepping ~*~*~tactically~*~*~ (water).
  1915 | D:3      | 1915 ||| Stepping ~*~*~tactically~*~*~ (water).
  1928 | D:3      | 1928 ||| Stepping ~*~*~tactically~*~*~ (water).
  1936 | D:3      | Found a glowing drain.
  1948 | D:3      | 1948 ||| UPGRADING to +1 cloak of willpower.
  1953 | D:3      | 1953 ||| READING scroll of enchant armour.
  1953 | D:3      | 1953 ||| ENCHANTING +1 cloak of willpower.
  1954 | D:3      | 1954 ||| DROPPING ring of wizardry.
  1957 | D:3      | 1957 ||| Stepping ~*~*~tactically~*~*~ (water).
  1968 | Sewer    | Entered a sewer
  1973 | Sewer    | 1973 ||| Stepping ~*~*~tactically~*~*~ (water).
  2005 | Sewer    | 2005 ||| Stepping ~*~*~tactically~*~*~ (water).
  2028 | Sewer    | 2028 ||| READING scroll of enchant weapon.
  2028 | Sewer    | 2028 ||| ENCHANTING +4 sling.
  2052 | Sewer    | Noticed Pargi
  2053 | Sewer    | 2053 ||| Stepping ~*~*~tactically~*~*~ (water).
  2055 | Sewer    | 2055 ||| Stepping ~*~*~tactically~*~*~ (water).
  2057 | Sewer    | 2057 ||| Stepping ~*~*~tactically~*~*~ (water).
  2065 | Sewer    | Killed Pargi
  2066 | Sewer    | Reached XP level 5. HP: 36/47 MP: 5/5
  2188 | D:3      | 2188 ||| PLANNING D:1-11
  2324 | D:3      | You fall into a shaft and drop 1 floor!
  2454 | D:4      | 2454 ||| UPGRADING to ring of resist corrosion.
  2728 | D:3      | 2728 ||| DRINKING 2 fuming orange potions.
  2785 | D:4      | Found a staircase to the Ecumenical Temple.
  2786 | D:4      | 2786 ||| PLANNING TEMPLE
  2786 | D:4      | 2786 ||| STAIRDANCE
  2790 | D:4      | 2790 ||| STAIRDANCE
  2792 | D:4      | 2792 ||| STAIRDANCE
  2898 | Temple   | Entered the Ecumenical Temple
  2900 | Temple   | 2900 ||| PLANNING OKAWARU WORSHIP
  3053 | Temple   | Became a worshipper of Warmaster Okawaru
  3054 | Temple   | 3054 ||| PLANNING D:1-11
  3073 | D:4      | Found a bloodstained altar of Trog.
  3226 | D:4      | Found Mat Itae's Book Shop.
  3335 | D:4      | Noticed Grinder
  3338 | D:4      | Paralysed by Grinder for 4 turns
  3346 | D:4      | 3346 ||| FLEEEEING.
  3347 | D:4      | 3347 ||| FLEEEEING.
  3354 | D:4      | Killed Grinder
  3355 | D:4      | Reached skill level 6 in Ranged Weapons
  3355 | D:4      | Reached XP level 6. HP: 45/53 MP: 6/6
  3396 | D:4      | Noticed Natasha
  3399 | D:4      | Killed Natasha
  3399 | D:4      | Reached * piety under Okawaru
  3400 | D:4      | Reached skill level 1 in Armour
  3440 | D:4      | Noticed Natasha
  3441 | D:4      | 3441 ||| INVOKING Heroism.
  3443 | D:4      | 3443 ||| Stepping ~*~*~tactically~*~*~ (outnumbered).
  3451 | D:4      | Killed Natasha
  3480 | D:4      | Reached skill level 7 in Ranged Weapons
  3510 | D:4      | Reached XP level 7. HP: 50/60 MP: 7/7
  3654 | D:4      | Noticed Natasha
  3660 | D:4      | Killed Natasha
  3668 | D:5      | Entered Level 5 of the Dungeon
  3700 | D:5      | 3700 ||| Stepping ~*~*~tactically~*~*~ (outnumbered).
  3701 | D:5      | 3701 ||| INVOKING Heroism.
  3702 | D:5      | 3702 ||| INVOKING Heroism.
  3912 | D:5      | 3912 ||| INVOKING Heroism.
  3915 | D:5      | Reached skill level 8 in Ranged Weapons
  3938 | D:5      | Found a snail-covered altar of Cheibriados.
  4031 | D:5      | Reached skill level 1 in Invocations
  4068 | D:5      | Reached skill level 3 in Dodging
  4156 | D:5      | Reached XP level 8. HP: 69/69 MP: 8/8
  4179 | D:5      | Found a basalt altar of Yredelemnul.
  4526 | D:5      | 4526 ||| INVOKING Heroism.
  4533 | D:5      | Reached skill level 3 in Invocations
  4582 | D:5      | Noticed Ijyb
  4583 | D:5      | 4583 ||| INVOKING Heroism.
  4592 | D:5      | Killed Ijyb
  4845 | D:5      | 4845 ||| UPGRADING to +0 pair of boots.
  4874 | D:6      | 4874 ||| INVOKING Heroism.
  4986 | D:6      | Found an opulent altar of Gozag.
  4993 | D:6      | Found Maroezaf's Weapon Shop.
  5004 | D:6      | 5004 ||| SHOPLISTING +4 shortbow of draining (328 gold,
                  | have 173).
  5009 | D:6      | Found a blossoming altar of Fedhas.
  5068 | D:6      | Reached skill level 9 in Ranged Weapons
  5069 | D:6      | 5069 ||| INVOKING Heroism.
  5091 | D:6      | Reached skill level 6 in Fighting
  5134 | D:6      | 5134 ||| INVOKING Heroism.
  5152 | D:6      | 5152 ||| FLEEEEING.
  5153 | D:6      | 5153 ||| FLEEEEING.
  5154 | D:6      | 5154 ||| FLEEEEING.
  5155 | D:6      | 5155 ||| FLEEEEING.
  5157 | D:6      | 5157 ||| INVOKING Heroism.
  5285 | D:6      | 5285 ||| SWAPPING to +0 orcbow.
  5286 | D:6      | 5286 ||| DROPPING +5 sling.
  5307 | D:6      | 5307 ||| Stepping ~*~*~tactically~*~*~ (water).
  5312 | D:6      | 5312 ||| Stepping ~*~*~tactically~*~*~ (water).
  5342 | D:6      | Found a broken altar of Ashenzari.
  5364 | D:6      | Found a shimmering blue altar of Sif Muna.
  5383 | D:6      | Reached skill level 10 in Ranged Weapons
  5394 | D:6      | Identified the +7 sling of Bodily Harmony {elec, rN+}
  5395 | D:6      | 5395 ||| INVOKING Heroism.
  5452 | D:6      | 5452 ||| READING scroll of enchant weapon.
  5452 | D:6      | 5452 ||| ENCHANTING +0 orcbow.
  5484 | D:6      | Found Lugyif's General Store.
  5491 | D:6      | 5491 ||| BUYING potion of heal wounds (60 gold).
  5491 | D:6      | Bought a potion of heal wounds for 60 gold pieces
  5531 | D:6      | 5531 ||| INVOKING Heroism.
  5533 | D:6      | Reached XP level 9. HP: 39/77 MP: 8/11
  5539 | D:6      | HP: 18/77 [wight/+2 flail of freezing (2)]
  5540 | D:6      | 5540 ||| READING 2 scrolls of teleportation.
  5541 | D:6      | 5541 ||| DRINKING 2 potions of heal wounds.
  5815 | D:6      | Found Hyezonua's Jewellery Emporium.
  5833 | D:6      | 5833 ||| UPGRADING to +0 pair of gloves.
  5881 | D:6      | 5881 ||| UPGRADING to +0 ring mail.
  5891 | D:6      | 5891 ||| DROPPING +0 leather armour.
  5894 | D:6      | 5894 ||| SHOPLISTING +5 ring of evasion (468 gold, have
                  | 134).
  5894 | D:6      | 5894 ||| SHOPLISTING +6 ring of dexterity (468 gold, have
                  | 134).
  5894 | D:6      | 5894 ||| SHOPLISTING ring of fire (325 gold, have 134).
  5894 | D:6      | 5894 ||| SHOPLISTING ring of poison resistance (260 gold,
                  | have 134).
  5894 | D:6      | 5894 ||| SHOPLISTING ring of protection from fire (325
                  | gold, have 134).
  5897 | D:6      | 5897 ||| INVOKING Heroism.
  5901 | D:6      | Reached skill level 3 in Armour
  6047 | D:6      | Found Zihosem's Jewellery Shoppe.
  6055 | D:6      | 6055 ||| SHOPLISTING +5 ring of evasion (360 gold, have
                  | 152).
  6055 | D:6      | 6055 ||| SHOPLISTING +6 ring of strength (360 gold, have
                  | 152).
  6055 | D:6      | 6055 ||| SHOPLISTING ring "Plog" {rN+ Str-4 Int+3 Dex+5
                  | SInv} (396 gold, have 152).
  6055 | D:6      | 6055 ||| SHOPLISTING ring of Grace {rPois rCorr Str+5 Int+6
                  | Slay-4} (465 gold, have 152).
  6233 | D:6      | 6233 ||| DRINKING 2 bubbling purple potions.
  6337 | D:6      | 6337 ||| DRINKING 2 fuming sapphire potions.
  6338 | D:6      | 6338 ||| DROPPING potion of berserk rage.
  6374 | D:7      | Noticed Pikel
  6375 | D:7      | 6375 ||| PLANNING OSSUARY
  6375 | D:7      | 6375 ||| INVOKING Heroism.
  6389 | D:7      | Killed Pikel
  6389 | D:7      | Reached ** piety under Okawaru
  6489 | D:7      | 6489 ||| Stepping ~*~*~tactically~*~*~ (outnumbered).
  6495 | D:7      | 6495 ||| INVOKING Heroism.
  6536 | D:7      | Found a sand-covered staircase.
  6537 | D:7      | 6537 ||| READING scroll labelled ONUTHU XOCZI.
  6550 | Ossuary  | Entered an ossuary
  6647 | D:7      | 6647 ||| PLANNING D:1-11
  6767 | D:7      | Noticed Duvessa
  6767 | D:7      | Noticed Dowan
  6768 | D:7      | 6768 ||| INVOKING Heroism.
  6777 | D:7      | Killed Duvessa
  6784 | D:7      | Killed Dowan
  6881 | D:7      | 6881 ||| INVOKING Heroism.
  6899 | D:7      | Reached skill level 11 in Ranged Weapons
  7033 | D:7      | 7033 ||| Stepping ~*~*~tactically~*~*~ (outnumbered).
  7050 | D:7      | 7050 ||| INVOKING Heroism.
  7070 | D:7      | Found Yrah's Antique Armour Boutique.
  7078 | D:7      | 7078 ||| SHOPLISTING glowing ring mail (224 gold, have
                  | 209).
  7078 | D:7      | 7078 ||| BUYING runed leather armour (160 gold).
  7078 | D:7      | Bought a runed leather armour for 160 gold pieces
  7078 | D:7      | 7078 ||| SHOPLISTING runed ring mail (224 gold, have 49).
  7136 | D:7      | 7136 ||| INVOKING Heroism.
  7254 | D:7      | 7254 ||| INVOKING Heroism.
  7295 | D:7      | Noticed Joseph
  7303 | D:7      | 7303 ||| INVOKING Heroism.
  7311 | D:7      | HP: 18/82 [Joseph/+2 quarterstaff of holy wrath (4)]
  7312 | D:7      | 7312 ||| READING scroll of teleportation.
  7313 | D:7      | 7313 ||| DRINKING 2 potions of heal wounds.
  7314 | D:7      | Killed Joseph
  7315 | D:7      | Reached skill level 12 in Ranged Weapons
  7315 | D:7      | Reached XP level 10. HP: 53/90 MP: 10/12
  7467 | D:7      | 7467 ||| UPGRADING to +1 ring mail of fire resistance.
  7477 | D:7      | 7477 ||| DROPPING +0 ring mail.
  7478 | D:7      | 7478 ||| DROPPING +2 robe of willpower.
  7479 | D:7      | 7479 ||| UPGRADING to +3 leather armour of cold resistance.
  7489 | D:7      | 7489 ||| DRINKING 2 brown potions.
  7490 | D:7      | 7490 ||| DROPPING potion of attraction.
  7687 | D:8      | 7687 ||| INVOKING Heroism.
  7699 | D:8      | HP: 21/90 [orc warrior/+0 trident (12)]
  7700 | D:8      | 7700 ||| READING scroll of teleportation.
  7701 | D:8      | 7701 ||| DRINKING potion of heal wounds.
  7704 | D:8      | HP: 18/90 [poisoned by a killer bee]
  7814 | D:8      | 7814 ||| FLEEEEING.
  7815 | D:8      | 7815 ||| FLEEEEING.
  7828 | D:8      | 7828 ||| INVOKING Heroism.
  7876 | D:8      | 7876 ||| FLEEEEING.
  7877 | D:8      | 7877 ||| FLEEEEING.
  7878 | D:8      | 7878 ||| STAIRDANCE
  7914 | D:7      | 7914 ||| READING 2 scrolls of identify.
  7914 | D:7      | 7914 ||| IDENTIFYING white potion
  7949 | D:8      | 7949 ||| Stepping ~*~*~tactically~*~*~ (outnumbered).
  7951 | D:8      | 7951 ||| Stepping ~*~*~tactically~*~*~ (outnumbered).
  7953 | D:8      | 7953 ||| Stepping ~*~*~tactically~*~*~ (outnumbered).
  7955 | D:8      | 7955 ||| INVOKING Heroism.
  8009 | D:8      | Found a runed translucent gate.
  8009 | D:8      | Found a runed translucent gate.
  8009 | D:8      | Found a runed translucent gate.
  8010 | D:8      | Noticed qw's ghost (novice DEHu)
  8041 | D:8      | 8041 ||| INVOKING Heroism.
  8042 | D:8      | 8042 ||| Stepping ~*~*~tactically~*~*~ (outnumbered).
  8062 | D:8      | 8062 ||| INVOKING Heroism.
  8321 | D:9      | 8321 ||| STAIRDANCE
  8509 | D:9      | Reached skill level 13 in Ranged Weapons
  8530 | D:9      | 8530 ||| INVOKING Heroism.
  8705 | D:9      | Found a runed translucent door.
  8707 | D:9      | Found a runed translucent door.
  8751 | D:9      | Reached skill level 9 in Fighting
  9007 | D:9      | 9007 ||| DROPPING +1 ring mail of cold resistance.
  9030 | D:10     | Entered Level 10 of the Dungeon
  9048 | D:10     | Noticed a two-headed ogre
  9049 | D:10     | 9049 ||| INVOKING Heroism.
  9061 | D:10     | Killed a two-headed ogre
  9062 | D:10     | Reached skill level 6 in Dodging
  9147 | D:10     | 9147 ||| Stepping ~*~*~tactically~*~*~ (outnumbered).
  9193 | D:10     | 9193 ||| SWAPPING to +0 arbalest.
  9201 | D:10     | 9201 ||| INVOKING Heroism.
  9318 | D:10     | 9318 ||| DROPPING +1 orcbow.
  9342 | D:10     | Found a hide-covered altar of Uskayaw.
  9342 | D:10     | Found an ornate altar of the Wu Jian Council.
  9371 | D:10     | Found a staircase to the Orcish Mines.
  9574 | D:10     | Found a staircase to the Lair.
  9575 | D:10     | 9575 ||| INVOKING Heroism.
  9715 | D:10     | Noticed a gargoyle
  9720 | D:10     | Killed a gargoyle
  9721 | D:10     | Reached skill level 14 in Ranged Weapons
  9731 | D:10     | 9731 ||| PLANNING LAIR
  9731 | D:10     | 9731 ||| READING 2 scrolls of identify.
  9731 | D:10     | 9731 ||| IDENTIFYING fuming amethyst potion
  9732 | D:10     | 9732 ||| DROPPING potion of ambrosia.
  9765 | Lair:1   | Entered Level 1 of the Lair of Beasts
  9769 | Lair:1   | 9769 ||| INVOKING Heroism.
  9775 | Lair:1   | Reached XP level 11. HP: 59/97 MP: 10/13
  9947 | Lair:1   | 9947 ||| INVOKING Heroism.
 10207 | Lair:1   | 10207 ||| INVOKING Heroism.
 10229 | Lair:1   | 10229 ||| INVOKING Heroism.
 10484 | Lair:1   | 10484 ||| INVOKING Heroism.
 10500 | Lair:1   | HP: 5/99 [komodo dragon (22)]
 10501 | Lair:1   | 10501 ||| DRINKING 2 potions of heal wounds.
 10503 | Lair:1   | 10503 ||| INVOKING Heroism.
 10504 | Lair:1   | 10504 ||| DRINKING potion of heal wounds.
 10505 | Lair:1   | HP: 8/99 [komodo dragon (27)]
 10510 | Lair:1   | Reached skill level 15 in Ranged Weapons
 10811 | Lair:1   | Reached *** piety under Okawaru
 10815 | Lair:1   | 10815 ||| INVOKING Heroism.
 10825 | Lair:1   | HP: 23/99 [yak (12)]
 10826 | Lair:1   | Slain by a yak

Levels and vault maps discovered:
D:1:      mrwooster_arrival_statue_3, layout_loops_ring
D:2:      kennysheep_big_flooded_room, layout_loops_ring
D:3:      layout_basic, gup_sewer_entry_pipe, minmay_cut_off
D:4:      layout_gridville, mainiacjoe_overflow_six_doors_small,
          minmay_temple_entry_mist, serial_shops, shop, uniq_natasha,
          uniq_grinder
D:5:      layout_loops_cross, marbit_many_paths, lemuel_tele_altar, uniq_ijyb
D:6:      layout_basic, fedhas_bush_and_centaur_altar,
          nicolae_gozag_cash_rules_everything_around_me,
          mainiacjoe_overflow_large_starburst, serial_bayou,
          serial_bayou_pond_b, serial_bayou_pond_c, serial_bayou_pond_a,
          serial_bayou_pond_a, serial_shops, nicolae_shop_tiny_waterfront,
          shop_statue, nicolae_shop_behind_doors, shop
D:7:      layout_loops_ring, serial_shops, nicolae_shop_overgrown_old_shop,
          gup_ossuary_entry_pyramid, uniq_duvessa, uniq_joseph, uniq_pikel
D:8:      layout_cave_pools, gammafunk_ghost_spectres
D:9:      lemuel_insect_pit, layout_small_grid
D:10:     layout_rooms, gammafunk_temple_overflow_wave,
          grunt_lair_entry_orc_guard_hut, orc_0_dummy, grunt_decor_resistance
Temple:   hellmonk_temple_forest_ring
Lair:1:   layout_regular_city

Skill      XL: |  1  2  3  4  5  6  7  8  9 10 11 |
---------------+----------------------------------+-----
Ranged Weapons | 3 4 5 6 7 8 10 12 14 15 | 15.1
Fighting       | 2 4 5 6 8 9 10 | 10.1
Armour         | 1 2 4 |  4.1
Invocations    | 2 4 |  4.1
Dodging        | 3 4 6 7 |  7.1
Spellcasting   | |  1.0
Hexes          | |  2.0

Action                     |  1- 3 |  4- 6 |  7- 9 | 10-12 || total
---------------------------+-------+-------+-------+-------++-------
   Fire: Sling             |    86 |   162 |   181 |       ||   429
         Orcbow            |       |       |   290 |   211 ||   501
         Arbalest          |       |       |       |   149 ||   149
 Invoke: Heroism           |       |     1 |    19 |    16 ||    36
    Use: Scroll            |     6 |     6 |     4 |     3 ||    19
         Potion            |     2 |     1 |     4 |     4 ||    11
 Armour: Robe              |     3 |     1 |       |       ||     4
         Leather armour    |       |    29 |    29 |   139 ||   197
         Ring mail         |       |       |    28 |       ||    28
  Dodge: Dodged            |    23 |    57 |   116 |   290 ||   486

Table legend:
 A = Non-vault XP
 B = Vault XP
 C = Vault XP percentage of total XP
 D = Non-vault monster count
 E = Vault monster count
 F = Vault count percentage of total count
                 A         B        C        D         E       F
            +---------+---------+-------+---------+---------+-------
      Total |   13303 |    2602 |  16.4 |     252 |      57 |  18.4
            +---------+---------+-------+---------+---------+-------
        D:1 |      33 |       0 |   0.0 |      18 |       0 |   0.0
        D:2 |      84 |      16 |  16.0 |      27 |       2 |   6.9
        D:3 |      35 |      22 |  38.6 |       6 |      11 |  64.7
        D:4 |     152 |     322 |  67.9 |      17 |       2 |  10.5
        D:5 |     932 |      82 |   8.1 |      22 |       2 |   8.3
        D:6 |    1133 |     265 |  19.0 |      31 |       4 |  11.4
        D:7 |    1356 |    1304 |  49.0 |      32 |       5 |  13.5
        D:8 |    1328 |       0 |   0.0 |      35 |       0 |   0.0
        D:9 |     841 |       0 |   0.0 |      14 |       0 |   0.0
       D:10 |    2441 |     430 |  15.0 |      20 |       4 |  16.7
     Lair:1 |    4968 |       0 |   0.0 |      30 |       0 |   0.0
      Sewer |       0 |     141 | 100.0 |       0 |       7 | 100.0
    Ossuary |       0 |      20 | 100.0 |       0 |      20 | 100.0
            +---------+---------+-------+---------+---------+-------
